 Dungeon Crawl Stone Soup version 0.26-a0-1012-gedcf9b2963 (webtiles) character file.

Game seed: 10204580794337706789

9 ANON1729 the Chopper (level 2, -2/27 HPs)
             Began as a Hill Orc Monk on Dec 7, 2020.
             Slain by an orc
             ... wielding a +0 club
              (6 damage)
             ... on level 1 of the Dungeon.
             The game lasted 00:00:47 (653 turns).

ANON1729 the Chopper (Hill Orc Monk)                 Turns: 653, Time: 00:00:49

Health: -2/27      AC:  3    Str: 13    XL:     2   Next: 16%
Magic:  2/2        EV: 13    Int: 10    God:
Gold:   28         SH:  0    Dex: 13    Spells: 1/1 levels left

rFire    . . .     SeeInvis .   a - +0 hand axe
rCold    . . .     Faith    .   (no shield)
rNeg     . . .     Spirit   .   b - +0 robe
rPois    .         Reflect  .   i - +0 helmet
rElec    .         Harm     .   (no cloak)
rCorr    .         Rampage  .   (no gloves)
Will     .....                  (no boots)
Stlth    ++........             (no amulet)
HPRegen  0.09/turn              (no ring)
MPRegen  0.08/turn              (no ring)

@: no status effects
A: no striking features
a: no special abilities


You were on level 1 of the Dungeon.
You visited 1 branch of the dungeon, and saw 2 of its levels.

You collected 28 gold pieces.

Inventory:

Hand Weapons
 a - a +0 hand axe (weapon)
Missiles
 h - 4 atropa-tipped darts (quivered)
Armour
 b - a +0 robe (worn)
 i - a +0 helmet (worn)
Scrolls
 c - a scroll of immolation {unknown}
 d - 2 scrolls of amnesia {unknown}
 e - a scroll of blinking {unknown}
 g - a scroll of identify {unknown}
 j - a scroll of remove curse {unknown}
 l - a scroll of enchant weapon {unknown}
 m - a scroll of teleportation {unknown}
Potions
 f - 2 potions of curing {unknown}
 k - a potion of invisibility {unknown}


   Skills:
 + Level 3.8 Fighting
 * Level 4.4 Axes
 + Level 0.6 Armour
 - Level 2.4 Dodging
 - Level 1.5 Stealth


You had one spell level left.
You didn't know any spells.
Your spell library was empty.

Dungeon Overview and Level Annotations

Branches:
Dungeon (2/15)

Altars:

Annotations:
D:2 Sigmund


Message History

The orc misses you.
You hit the orc.
You kill the orc!
You barely miss the orc. The orc misses you.
You hit the orc but do no damage. The orc closely misses you.
You hit the orc but do no damage. The orc misses you.
You hit the orc but do no damage. The orc barely misses you.
You hit the orc but do no damage. The orc hits you but does no damage.
You hit the orc but do no damage. The orc hits you with a +0 club.
* * * LOW HITPOINT WARNING * * *
You closely miss the orc. The orc completely misses you.
You closely miss the orc. The orc hits you but does no damage.
Throw: 5 darts (atropa)
Press: ? - help, Q - select action Shift-Dir - straight line, f - orc
Aim: an orc, wielding a +0 club and wearing a +0 chain mail (chance to blind on hit: 100%)
You throw an atropa-tipped dart. The atropa-tipped dart hits the orc.
The orc appears confused.
You barely miss the orc.
The orc seems less confused.
The orc hits you with a +0 club.
You die...

#...# #.##.##.###.....# # #...#
#.#..##)# ####### # #...#
#.#.###.# #### #...# #.#.###.#
####### #... ###...######.......#
#.....# #.##
............##.#######.....# #.#
...........#.#.##..........# #.#
............##(##.####.....###.##
###...#####....o@.# #.......†...
#...# #.......# ######.##.## #
#...# #.##.#.## #.##.## ###.).##
#.##.#.# ### #.##.(. ##.....#
#.##.#.# ##.## #.##### ##.....#
#.##.#.# ##.#.###.#####
.......####......# #.#....#......
#.........####.######...#........
......†................##########


You could see an orc (blind).

Vanquished Creatures
  An orc (D:1)
  2 hobgoblins (D:1)
  3 frilled lizards (D:1)
  A goblin (D:1)
  3 rats (D:1)
10 creatures vanquished.

Notes
Turn   | Place    | Note
-------+----------+-------------------------------------------
     0 | D:1      | ANON1729 the Hill Orc Monk began the quest for the Orb.
     0 | D:1      | Reached XP level 1. HP: 19/19 MP: 1/1
   480 | D:1      | Reached XP level 2. HP: 27/27 MP: 2/2
   623 | D:2      | Noticed Sigmund
   653 | D:1      | Slain by an orc

Illustrated notes

Levels and vault maps discovered:
D:1:      eino_arrival_cavern_a, layout_loops_cross, minmay_tiny_reverse_x
D:2:      layout_rooms, uniq_natasha, uniq_sigmund

Action                   || total
-------------------------++-------
Melee: Hand axe          ||    26
Throw: Dart              ||     1
 Stab: Sleeping          ||     3
Armor: Robe              ||     6
Dodge: Dodged            ||    15

Table legend: (Time is in decaauts)
 A = Elapsed time spent in this place.
 B = Non-inter-level travel time spent in this place.
 C = Inter-level travel time spent in this place.
 D = Time resting spent in this place.
 E = Time spent auto-exploring this place.
 F = Levels seen in this place.
 G = Mean time per level.
                   A        B        C        D        E       F      G
               +--------+--------+--------+--------+--------+-----+--------+
         Total |    655 |    637 |     18 |      0 |    532 |   2 |  327.5 |
       Dungeon |    655 |    637 |     18 |      0 |    532 |   2 |  327.5 |
               +--------+--------+--------+--------+--------+-----+--------+

Top non-repeatable levels by time:
     D:1: 651 daAuts
     D:2: 3 daAuts
